 Dungeon Crawl Stone Soup version 0.26.1-11-gd32895ea62 (webtiles) character file.

Game seed: 18417108385566429490

143 SSird the Fighter (level 5, -1/51 HPs)
             Began as a Gnoll Wanderer on June 18, 2021.
             Killed by nerve-wracking pain
             ... invoked by an orc priest
              (8 damage)
             ... on level 2 of the Dungeon.
             The game lasted 00:03:24 (2526 turns).

SSird the Fighter (Gnoll Wanderer)                  Turns: 2526, Time: 00:03:25

Health: -1/51      AC: 10    Str: 16    XL:     5   Next: 25%
Magic:  6/7        EV: 10    Int: 15    God:
Gold:   169        SH:  0    Dex: 13    Spells: 6/6 levels left

rFire    + . .     SeeInvis .   v - +2 flail (vorpal)
rCold    . . .     Faith    .   (no shield)
rNeg     . . .     Spirit   .   w - +1 scale mail {rF+}
rPois    .         Reflect  .   q - +0 helmet
rElec    .         Harm     .   (no cloak)
rCorr    .         Rampage  .   (no gloves)
Will     .....                  u - +1 pair of boots
Stlth    ++........             (no amulet)
HPRegen  0.17/turn              (no ring)
MPRegen  0.10/turn              (no ring)

@: no status effects
A: distributed training, fangs 1, strong nose
a: no special abilities


You were on level 2 of the Dungeon.
You visited 1 branch of the dungeon, and saw 3 of its levels.

You collected 169 gold pieces.

Inventory:

Hand Weapons
 a - a +2 quarterstaff
 b - a +0 short sword
 d - a +0 dagger
 f - a +0 flail
 v - a +2 vorpal flail (weapon)
Missiles
 c - 23 poisoned darts (quivered)
 j - 11 javelins
Armour
 e - a +0 robe
 q - a +0 helmet (worn)
 u - a +1 pair of boots (worn)
 w - a +1 scale mail of fire resistance (worn)
Wands
 p - a wand of paralysis (7)
Scrolls
 h - a scroll of enchant armour {unknown}
 l - a scroll of amnesia {unknown}
 o - 3 scrolls of fear {unknown}
 s - a scroll of enchant weapon {unknown}
 t - 2 scrolls of identify {unknown}
 x - a scroll of blinking {unknown}
Potions
 g - 2 potions of cancellation {unknown}
 i - 2 potions of attraction {unknown}
 k - 2 potions of curing
 m - a potion of lignification {unknown}
 n - a potion of invisibility {unknown}
 r - a potion of heal wounds {unknown}


   Skills:
 + Level 8.6 Fighting
 + Level 1.4 Short Blades
 + Level 1.4 Long Blades
 + Level 1.4 Axes
 + Level 1.4 Maces & Flails
 + Level 1.4 Polearms
 + Level 2.9 Staves
 + Level 1.4 Slings
 + Level 1.4 Bows
 + Level 1.4 Crossbows
 + Level 4.7 Throwing
 + Level 1.4 Armour
 + Level 1.4 Dodging
 + Level 6.1 Stealth
 + Level 1.4 Shields
 + Level 1.4 Unarmed Combat
 + Level 1.4 Spellcasting
 + Level 1.1 Conjurations
 + Level 1.1 Hexes
 + Level 1.1 Summonings
 + Level 1.1 Necromancy
 + Level 1.1 Translocations
 + Level 1.1 Transmutations
 + Level 1.1 Fire Magic
 + Level 1.1 Ice Magic
 + Level 1.1 Air Magic
 + Level 1.1 Earth Magic
 + Level 1.1 Poison Magic
 + Level 1.6 Invocations
 + Level 1.4 Evocations


You had 6 spell levels left.
You didn't know any spells.
Your spell library was empty.

Dungeon Overview and Level Annotations

Branches:
Dungeon (3/15)

Altars:


Innate Abilities, Weirdness & Mutations

Your experience applies equally to all skills.
You have very sharp teeth.
Your uncanny sense of smell can sniff out nearby items.


Message History

The orc priest begins to cast a cantrip, but forgets the words!
The jackal barely misses you.
The orc priest hits you but does no damage.
A mysterious force pulls you upwards. The hatch slams shut behind you.
Unknown command.
You hit the orc priest but do no damage.
The orc priest hits you.
* * * LOW HITPOINT WARNING * * *
Unknown command.
You barely miss the orc priest.
The orc priest hits you but does no damage.
The orc priest hits you.
* * * LOW HITPOINT WARNING * * *
Unknown command.
Okay, then.
Unknown command.
It was a potion of curing.
You feel better.
The orc priest calls down the wrath of Beogh upon you.
Pain shoots through your body!
You die...

#.).......).
#....†......
#...........
########..........(
#..................
#........(........)
#...............<..
#........#######...
#.@......# #...
#.o......# #...
#........# ####
#........#
#........#
#........#
##########


You could see an orc priest.

Vanquished Creatures
  An orc wizard (D:3)
  Robin (D:2)
  An adder (D:2)
  A gnoll (D:1)
  An ooze (D:1)
  2 worms
  A dart slug (D:1)
  A leopard gecko (D:2)
  5 orcs (D:3)
  2 giant cockroaches (D:1)
  14 goblins
  8 hobgoblins
  5 kobolds
  3 quokkas (D:2)
  11 bats
  4 frilled lizards
  7 rats
68 creatures vanquished.

Notes
Turn   | Place    | Note
-------+----------+-------------------------------------------
     0 | D:1      | SSird the Gnoll Wanderer began the quest for the Orb.
     0 | D:1      | SSird set off with the following items: a +2 quarterstaff,
                  | a +0 short sword, 8 poisoned darts, a +0 dagger, a +0 robe
     0 | D:1      | Reached XP level 1. HP: 26/26 MP: 1/1
   176 | D:1      | Reached XP level 2. HP: 33/33 MP: 2/2
   440 | D:1      | Reached XP level 3. HP: 36/38 MP: 3/3
   742 | D:1      | Reached skill level 1 in Invocations
  1087 | D:2      | Reached skill level 1 in Short Blades
  1087 | D:2      | Reached skill level 1 in Long Blades
  1087 | D:2      | Reached skill level 1 in Axes
  1087 | D:2      | Reached skill level 1 in Maces & Flails
  1087 | D:2      | Reached skill level 1 in Polearms
  1087 | D:2      | Reached skill level 1 in Slings
  1087 | D:2      | Reached skill level 1 in Bows
  1087 | D:2      | Reached skill level 1 in Crossbows
  1087 | D:2      | Reached skill level 1 in Armour
  1087 | D:2      | Reached skill level 1 in Dodging
  1087 | D:2      | Reached skill level 1 in Shields
  1087 | D:2      | Reached skill level 1 in Unarmed Combat
  1087 | D:2      | Reached skill level 1 in Spellcasting
  1087 | D:2      | Reached skill level 1 in Evocations
  1326 | D:2      | Reached XP level 4. HP: 45/45 MP: 5/5
  1519 | D:2      | Noticed Robin
  1592 | D:2      | Killed Robin
  1593 | D:2      | Reached skill level 1 in Conjurations
  1593 | D:2      | Reached skill level 1 in Hexes
  1593 | D:2      | Reached skill level 1 in Summonings
  1593 | D:2      | Reached skill level 1 in Necromancy
  1593 | D:2      | Reached skill level 1 in Translocations
  1593 | D:2      | Reached skill level 1 in Transmutations
  1593 | D:2      | Reached skill level 1 in Fire Magic
  1593 | D:2      | Reached skill level 1 in Ice Magic
  1593 | D:2      | Reached skill level 1 in Air Magic
  1593 | D:2      | Reached skill level 1 in Earth Magic
  1593 | D:2      | Reached skill level 1 in Poison Magic
  2512 | D:3      | Reached XP level 5. HP: 26/51 MP: 5/7
  2524 | D:2      | HP: 2/51 [orc priest (1)]
  2526 | D:2      | Killed from afar by an orc priest

Illustrated notes

Levels and vault maps discovered:
D:1:      psy_arrival_fountain, layout_basic
D:2:      layout_basic, uniq_robin
D:3:      layout_basic, lemuel_coloured_pillars_altar

Skill      XL: |  1  2  3  4 |
---------------+-------------+-----
Stealth        | 6 |  6.1
Invocations    | 1 |  1.6
Short Blades   | 1 |  1.4
Long Blades    | 1 |  1.4
Axes           | 1 |  1.4
Maces & Flails | 1 |  1.4
Polearms       | 1 |  1.4
Slings         | 1 |  1.4
Bows           | 1 |  1.4
Crossbows      | 1 |  1.4
Armour         | 1 |  1.4
Dodging        | 1 |  1.4
Shields        | 1 |  1.4
Unarmed Combat | 1 |  1.4
Spellcasting   | 1 |  1.4
Evocations     | 1 |  1.4
Conjurations   | 1 |  1.1
Hexes          | 1 |  1.1
Summonings     | 1 |  1.1
Necromancy     | 1 |  1.1
Translocations | 1 |  1.1
Transmutations | 1 |  1.1
Fire Magic     | 1 |  1.1
Ice Magic      | 1 |  1.1
Air Magic      | 1 |  1.1
Earth Magic    | 1 |  1.1
Poison Magic   | 1 |  1.1
Fighting       | |  8.6
Staves         | |  2.9
Throwing       | |  4.7

Action                   |  1- 3 |  4- 6 || total
-------------------------+-------+-------++-------
Melee: Quarterstaff      |    73 |    71 ||   144
       Bite              |     7 |     5 ||    12
       Flail             |       |    17 ||    17
  Use: Potion            |       |     1 ||     1
 Stab: Sleeping          |     6 |     3 ||     9
Armor: Robe              |    14 |    12 ||    26
       Scale mail        |       |     8 ||     8
Dodge: Dodged            |    33 |    68 ||   101
